AoeStats
← 🅡🅐🅨🅖🅞🅝

Migration

507350542Analyzed
1v1 RM · 14d ago on Sep 17, 2026· 36m 33s· 2 players
Game mode
Random Map
Map size
132×132
Population
200
Speed
Normal
Resources
Standard
Victory
Conquest
Starting age
Dark Age
Ending age
Imperial Age
RankedLock teamsTeams togetherTeam positionsShared explorationLock speedFull tech treeHidden civsTurbo modeCheats
Victory
Defeat
🇩🇪 Japanese · Germany
1012
+15
🇩🇰 Slavs · Denmark
1000
-45
🅡🅐🅨🅖🅞🅝
10:52 Feudal Age
11:41 Double-Bit Axe
12:30 Horse Collar
13:13 Gold Mining
15:21 Stone Mining
16:15 Wheelbarrow
17:09 Fishing Lines
25:38 Castle Age
27:21 Heavy Plow
27:33 Bow Saw
28:00 Gold Shaft Mining
27:42 Scale Mail Armor
27:32 Fletching
27:50 Scale Barding Armor
27:45 Padded Archer Armor
27:55 Forging
27:10 Crossbowman
27:12 Pikeman
27:52 Squires
31:02 Medium Warships
34:34 Medium Warships
Yes
10:53 Feudal Age
11:29 Fishing Lines
11:44 Double-Bit Axe
12:25 Loom
12:38 Stone Mining
15:39 Wheelbarrow
16:33 Gold Mining
18:50 Castle Age
20:14 Hand Cart
20:14 Bow Saw
20:30 Gillnets
21:58 Fletching
22:29 Horse Collar
23:54 Gold Shaft Mining
23:34 Bodkin Arrow
24:40 Medium Warships
27:31 Careening
29:59 Imperial Age
27:46 Careening
29:21 Scale Mail Armor
29:31 Forging
30:56 Chain Mail Armor
31:04 Bracer
36:28 Elite Samurai
Connection lost

Rejoining the realm…

Still unreachable

The connection could not be restored.

Session expired

The server has moved on; the page needs a fresh start.